Map: Ruins of Endion

Players

pgo - Winner!

  • Race: Terran Terran
  • League: Silver

capac

  • Race: Terran Terran
  • League: Gold

VOD

Have the link to the VOD?

Description

Time

  • Played on: April 26, 2016, 3:43 p.m.
  • Length: 11:08
Show
View Real Time Build Order
Export as new Build Order

pgo Terran - Winner!

Build Orders:  

Get SALT Encoding   

  12  0:01  SCV  
  13  0:18  Supply Depot  
  13  0:20  SCV  
  14  0:37  SCV  
  15  0:43  Refinery  
  15  0:49  SCV  
  16  0:55  Barracks  
  16  1:01  SCV  
  17  1:13  SCV  
  19  1:25  SCV  
  19  1:37  SCV  
  20  1:42  Marine  
  20  1:44  Command Center  
  21  1:59  Marine  
  21  2:00  Orbital Command  
  21  2:17  Marine  
  22  2:23  Supply Depot  
  22  2:28  SCV  
  23  2:30  Factory  
  23  2:44  Marine  
  23  2:46  Supply Depot  
  23  2:50  Bunker  
  24  2:57  Orbital Command  
  24  3:00  SCV  
  24  3:02  Marine  
  26  3:13  SCV  
  26  3:15  Factory Tech Lab  
  26  3:18  Starport  
  27  3:25  SCV  
  28  3:27  Engineering Bay  
  28  3:28  SCV  
  29  3:37  SCV  
  29  3:40  SCV  
  31  3:44  Cyclone  
  34  3:49  Refinery, SCV  
  34  3:50  Refinery  
  35  3:59  Viking  
  37  4:07  Missile Turret  
  37  4:10  Marine, Missile Turret  
  37  4:14  SCV  
  41  4:17  SCV  
  42  4:26  SCV  
  41  4:33  Supply Depot, Siege Tank  
  44  4:38  SCV  
  44  4:43  SCV  
  46  4:48  Viking, Refinery  
  48  4:54  SCV  
  48  4:58  Missile Turret  
  49  5:12  SCV x2  
  51  5:18  Missile Turret  
  51  5:24  SCV x2  
  51  5:25  Missile Turret  
  51  5:26  Cyclone  
  56  5:30  Starport Reactor  
  56  5:36  SCV x2  
  58  5:48  SCV x2  
  60  6:00  SCV x2  
  60  6:03  Supply Depot  
  62  6:05  Supply Depot  
  62  6:16  Supply Depot  
  62  6:20  Supply Depot  
  62  6:25  Factory, Marine, Siege Tank, SCV  
  67  6:29  Supply Depot  
  67  6:41  Viking x2  
  67  6:43  Supply Depot, Marine  
  67  6:45  Supply Depot  
  72  6:47  SCV x2  
  74  6:56  Supply Depot  
  74  6:57  Siege Tank  
  74  7:00  Marine, SCV x2  
  80  7:12  Factory Tech Lab, SCV x2  
  82  7:17  Supply Depot  
  82  7:23  Missile Turret  
  82  7:29  Siege Tank  
  85  7:35  Cyclone  
  88  7:38  Supply Depot  
  88  7:39  Viking  
  88  7:42  Supply Depot  
  90  7:49  Viking  
  92  8:01  Siege Tank  
  92  8:02  SCV  
  92  8:04  Supply Depot  
  96  8:08  Siege Tank  
  96  8:09  Viking  
  101  8:29  Command Center  
  101  8:33  Widow Mine  
  103  8:37  Armory  
  103  8:38  Armory  
  103  8:40  Siege Tank  
  106  9:02  Cyclone  
  107  9:10  Viking, SCV x2  
  111  9:22  SCV  
  111  9:23  SCV  
  111  9:24  Mag-Field Accelerator  
  113  9:30  Missile Turret  
  113  9:32  Command Center  
  113  9:34  SCV  
  114  9:42  Supply Depot  
  114  9:53  Cyclone x2  
  114  9:59  Orbital Command  
  120  10:01  Missile Turret  
  120  10:09  Viking x2  
  124  10:23  Refinery  
  124  10:25  Cyclone, Siege Tank  
Show
View Real Time Build Order
Export as new Build Order

capac Terran 

Build Orders: MMM Bio, Banshee Rush 

Get SALT Encoding   

  12  0:01  SCV  
  13  0:13  SCV  
  14  0:19  Supply Depot  
  14  0:28  SCV  
  15  0:41  SCV  
  15  0:42  Barracks  
  16  0:46  Refinery  
  16  0:53  SCV  
  17  0:58  Supply Depot  
  17  1:05  SCV  
  18  1:17  SCV  
  19  1:37  Marine  
  21  1:41  Orbital Command  
  19  1:49  Barracks  
  19  2:11  Refinery  
  19  2:13  Barracks Tech Lab  
  19  2:14  Factory  
  19  2:21  SCV  
  19  2:39  Marine  
  19  2:40  Marine  
  21  2:45  SCV  
  22  2:59  Starport  
  22  3:03  Starport  
  22  3:09  Factory Tech Lab  
  22  3:12  SCV  
  23  3:24  SCV  
  24  3:29  Supply Depot  
  24  3:34  Marine  
  25  3:57  Supply Depot, SCV  
  25  3:58  Cloaking Field  
  25  3:59  Banshee  
  25  4:01  Banshee  
  32  4:07  Marine x2  
  34  4:11  Factory Tech Lab  
  34  4:22  Command Center  
  34  4:30  Siege Tank  
  37  4:41  Marine x2  
  39  4:51  SCV  
  40  4:53  Supply Depot  
  40  4:57  Banshee  
  43  5:09  Marine x2  
  45  5:25  Siege Tank  
  45  5:27  SCV  
  49  5:37  Command Center  
  49  5:47  Barracks Tech Lab  
  49  5:53  Medivac  
  51  5:57  Orbital Command  
  51  6:20  SCV  
  51  6:23  Marine x2  
  54  6:25  Combat Shields  
  54  6:26  Stimpack  
  54  6:33  Starport Reactor, Medivac  
  56  6:40  SCV x2  
  58  6:48  Marine x2  
  58  6:52  Refinery, SCV  
  61  6:57  SCV  
  62  7:03  Engineering Bay  
  62  7:05  Siege Tank  
  65  7:11  Marine  
  65  7:12  Marine  
  65  7:14  Orbital Command  
  67  7:19  SCV  
  67  7:20  SCV  
  69  7:28  Barracks  
  69  7:29  Barracks  
  69  7:31  Viking, Barracks  
  69  7:32  Viking  
  73  7:39  Refinery  
  73  7:42  SCV x3  
  76  7:48  Missile Turret  
  76  7:53  Missile Turret  
  76  7:54  SCV x2  
  78  8:05  Missile Turret  
  78  8:15  Missile Turret, SCV x3  
  81  8:20  Barracks Reactor  
  81  8:21  Barracks Reactor  
  81  8:28  Barracks Reactor  
  81  8:39  Sensor Tower  
  81  8:45  Sensor Tower  
  81  8:49  SCV x3  
  81  8:51  Missile Turret  
  84  9:07  Marine  
  85  9:38  Marauder x2, Marine x4  
  85  9:53  Supply Depot  
  85  9:55  Supply Depot  
  85  9:56  Supply Depot  
  85  10:14  Marine x6, Medivac  
  85  10:16  Medivac x2  
  85  10:20  Supply Depot  
  85  10:21  Supply Depot x2  
  97  10:39  Missile Turret  
  97  10:47  Supply Depot  
  94  10:52  Supply Depot x2  
Tags
 
Composition
MMM Bio
Matchup
TvT
Race
Terran
Strategy
Banshee Rush
Add a new tag
Caveats
  • Supply blocks, unpowered buildings, or Contaminate may cause inaccurate times.
  • Supply counts are checked every 10 seconds.